 Dungeon Crawl Stone Soup version 0.20.1-1-g8b1a95d (webtiles) character file.

3065 recordrepeat the Cleaver (level 9, 0/79 HPs)
             Began as a Hill Orc Fighter on Dec 4, 2017.
             Was a Follower of Beogh.
             Slain by an orc warrior
             ... wielding a +0 trident
              (1 damage)
             ... in a bailey.
             The game lasted 00:25:57 (7095 turns).

recordrepeat the Cleaver (Hill Orc Fighter)         Turns: 7095, Time: 00:25:58

Health: 0/79       AC: 16    Str: 25    XL:     9   Next: 88%
Magic:  9/9        EV:  7    Int:  8    God:    Beogh [*.....]
Gold:   353        SH:  0    Dex: 10    Spells: 8/8 levels left

rFire    . . .     SeeInvis .   q - +6 executioner's axe of Xaezotai {chop, rC+ Stlth+}
rCold    + . .     Gourm    .   (shield currently unavailable)
rNeg     . . .     Faith    .   x - +0 plate armour (curse)
rPois    .         Spirit   .   (no helmet)
rElec    .         Reflect  .   (no cloak)
rCorr    .         Harm     .   (no gloves)
MR       .....                  e - +1 pair of boots
Stlth    ..........             A - amulet of magic regeneration
Regen    0.3/turn               t - +3 ring of strength
MPRegen  0.2/turn               w - +1 ring of protection

@: studying Armour
A: no striking features
a: Renounce Religion


You were in a bailey.
You worshipped Beogh.
Beogh was aware of your devotion.
You were very hungry.

You visited 1 branch of the dungeon, and saw 8 of its levels.
You also visited: Bailey.

You collected 353 gold pieces.

Inventory:

Hand Weapons
 a - a +0 war axe
 q - the +6 executioner's axe of Xaezotai (weapon) {chop, rC+ Stlth+}
   (You found it in a bailey)

   It inflicts extra damage upon your enemies.
   It protects you from cold.
   It makes you more stealthy.
Armour
 b - a +0 scale mail
 c - a +0 shield
 e - a +1 pair of boots (worn)
 x - a cursed +0 plate armour (worn)
Jewellery
 g - an uncursed ring of ice
 i - an uncursed ring of protection from magic
 t - a +3 ring of strength (left hand)
 w - a +1 ring of protection (right hand)
 A - an amulet of magic regeneration (around neck)
 B - an uncursed ring of protection from fire
 I - an uncursed ring of see invisible
 M - the ring "Aric Zoo" {Wiz Int+5 Dex-5 Slay+2}
   (You found it on level 6 of the Dungeon)

   [ring of wizardry]

   It improves your spell success rate.
   It affects your intelligence (+5).
   It affects your dexterity (-5).
   It affects your accuracy and damage with ranged weapons and melee attacks
   (+2).
 N - a +2 ring of strength
Wands
 s - a wand of lightning (6/15)
 J - a wand of iceblast (8/15)
Scrolls
 h - 6 scrolls of magic mapping {unknown}
 k - a scroll of amnesia {unknown}
 l - 4 scrolls of enchant weapon {unknown}
 m - 2 scrolls of enchant armour {unknown}
 n - 2 scrolls of teleportation
 r - 4 scrolls of blinking {unknown}
 y - a scroll of fear {unknown}
 H - 2 scrolls of recharging {unknown}
 O - a scroll of vulnerability {unknown}
Potions
 d - 2 potions of might
 j - 2 potions of curing
 o - a potion of berserk rage {unknown}
 v - a potion of flight {unknown}
 z - 3 potions of brilliance
 C - a potion of lignification {unknown}
 D - a potion of haste {unknown}
 F - 2 potions of invisibility {unknown}
 G - a potion of ambrosia {unknown}
 L - 2 potions of cancellation
 Q - a potion of mutation {unknown}
Books
 E - a manual of
Armour
 R - a book of Cantrips

   Spells                             Type                      Level
   a - Confusing Touch                Hexes                        1
   b - Animate Skeleton               Necromancy                   1
   c - Summon Small Mammal            Summoning                    1
   d - Apportation                    Translocation                1
Comestibles
 f - 5 bread rations
 p - 3 meat rations
 u - 3 royal jellies
 K - 5 fruits


   Skills:
 + Level 7.6 Fighting
 + Level 11.8 Axes
 + Level 7.1 Armour
 + Level 0.8 Dodging
 + Level 0.3 Stealth
 + Level 7.0 Shields


You had 8 spell levels left.
You didn't know any spells.

Dungeon Overview and Level Annotations

Branches:
Dungeon (8/15)             Temple (0/1) D:4
   Lair: D:8-11

Altars:
Elyvilon
Makhleb
Okawaru
Trog


Message History

* * * LOW HITPOINT WARNING * * *
The orc warrior barely misses you. The orc hits you but does no damage. x2
Things that are here:
a trident; a chain mail The orc shouts!
The orc shouts!
The orc hits you but does no damage.
You closely miss the orc. The orc barely misses you.
The orc warrior hits you from afar with a trident!
* * * LOW HITPOINT WARNING * * *
The orc hits you but does no damage. x2
You closely miss the orc. The orc hits you but does no damage.
The orc warrior hits you from afar with a trident!
* * * LOW HITPOINT WARNING * * *
The orc hits you from afar with a halberd.
* * * LOW HITPOINT WARNING * * *
The orc hits you but does no damage. x2
The orc warrior hits you from afar with a trident.
You die...
Beogh appreciates the orc warrior's killing of a heretic priest.

.....≈≈≈≈≈...o..#..##
....≈≈...≈≈.o)..#..≈#
.≈.≈≈.≈.≈(≈≈o≈o.'..≈#
≈≈.≈.≈≈.≈≈)≈o≈≈.#.o≈#
≈.≈≈.≈...≈.≈≈o≈.#..≈#
≈.≈.≈≈.(.≈≈.≈o≈.#.o≈#
≈.≈.≈.⌠∩(.≈.≈o≈.#o.≈#
≈.≈.≈..∩.(≈.≈.≈.#.o≈#
≈.≈.≈.⌠∩⌠.≈.≈@≈.#o.≈#
≈.≈.≈≈...≈≈o≈o≈.#.o≈#
≈.≈≈.≈...≈)≈≈.≈o#..≈#
≈≈.≈.≈≈≈≈≈.≈.≈≈.#o.≈#
.##o≈.≈≈.....≈≈.≈.##..≈#
.⌠#.≈≈.≈≈≈.≈≈≈.≈≈.#⌠..≈#
..#.o≈≈..≈.≈..≈≈o.#...≈#
..# ≈≈...≈≈≈.⌠.#...≈#
..## .≈≈≈≈≈....##...≈#


You could see an orc warrior and 10 orcs.

Vanquished Creatures
  Pikel (D:7)
  The ghost of fruggles the Carver, a novice MiFi of Okawaru (D:6)
  The ghost of Theruse2 the Poker, an amateur DsFi (D:4)
  A sky beast (D:7)
  2 ice beasts
  A slave (D:7)
  5 ogres
  3 centaurs (Bailey)
  A crocodile (D:8)
  2 big kobolds (D:8)
  3 bullfrogs
  A wyvern skeleton (D:6)
  2 scorpions
  A howler monkey (D:7)
  A crimson imp (D:8)
  3 jellies
  A hound (D:8)
  A bullfrog skeleton (D:7)
  5 worker ants
  A hound skeleton (D:6)
  A worker ant zombie (D:5)
  10 adders
  2 shadow imps
  3 oozes
  An adder zombie (D:7)
  6 worms
  2 dart slugs
  5 leopard geckos
  9 orcs
  8 bats
  3 giant cockroaches
  3 goblins
  8 hobgoblins
  2 jackals (D:6)
  5 quokkas
  A ball python (D:1)
  4 frilled lizards
  23 kobolds
  A leopard gecko skeleton (D:4)
  A leopard gecko zombie (D:5)
  2 quokka zombies
  6 rats
143 creatures vanquished.

Vanquished Creatures (others)
  An orc priest (D:7)
  An orc (D:7)
2 creatures vanquished.

Grand Total: 145 creatures vanquished

Notes
Turn   | Place    | Note
-------+----------+-------------------------------------------
     0 | D:1      | recordrepeat the Hill Orc Fighter began the quest for the Orb.
     0 | D:1      | Reached XP level 1. HP: 19/19 MP: 1/1
   117 | D:1      | Reached skill level 3 in Axes
   140 | D:1      | Reached XP level 2. HP: 25/27 MP: 2/2
   875 | D:2      | Reached XP level 3. HP: 28/33 MP: 3/3
  1220 | D:2      | Reached skill level 4 in Axes
  1220 | D:2      | Reached XP level 4. HP: 40/40 MP: 4/4
  1293 | D:2      | Found a faded altar of an unknown god.
  1829 | D:3      | Found a faded altar of an unknown god.
  1829 | D:3      | Found a bloodstained altar of Trog.
  1829 | D:3      | Found a burning altar of Makhleb.
  1829 | D:3      | Found a faded altar of an unknown god.
  1832 | D:3      | Found a white marble altar of Elyvilon.
  2360 | D:4      | Reached XP level 5. HP: 47/47 MP: 5/5
  2361 | D:4      | Noticed an ogre
  2369 | D:4      | Killed an ogre
  2369 | D:4      | Reached skill level 5 in Axes
  2504 | D:4      | Noticed an ogre
  2518 | D:4      | Killed an ogre
  2518 | D:4      | Reached skill level 6 in Axes
  2518 | D:4      | Reached XP level 6. HP: 47/53 MP: 6/6
  2549 | D:4      | Noticed Theruse2's ghost (amateur DsFi)
  2563 | D:4      | Killed Theruse2's ghost
  2563 | D:4      | Reached skill level 5 in Fighting
  2563 | D:4      | Reached skill level 7 in Axes
  2563 | D:4      | Reached XP level 7. HP: 30/61 MP: 7/7
  2789 | D:4      | Found a staircase to the Ecumenical Temple.
  2924 | D:4      | Reached skill level 8 in Axes
  3470 | D:5      | Entered Level 5 of the Dungeon
  3506 | D:5      | Reached skill level 5 in Shields
  4037 | D:5      | Reached XP level 8. HP: 68/68 MP: 8/8
  4119 | D:6      | Noticed fruggles's ghost (novice MiFi)
  4151 | D:6      | Killed fruggles's ghost
  4151 | D:6      | Reached skill level 9 in Axes
  4151 | D:6      | Reached skill level 5 in Armour
  5125 | D:6      | Got a scintillating golden ring
  5319 | D:6      | Reached skill level 10 in Axes
  5556 | D:7      | Identified the ring "Aric Zoo" {Wiz Int+5 Dex-5 Slay+2} (You found it on level 6 of the Dungeon)
  5685 | D:7      | Noticed Pikel
  5717 | D:7      | Killed Pikel
  5717 | D:7      | Reached skill level 11 in Axes
  5717 | D:7      | Reached XP level 9. HP: 40/78 MP: 9/9
  6056 | D:7      | Became a worshipper of Beogh the Brigand
  6667 | D:8      | Found an iron altar of Okawaru.
  6865 | D:8      | Reached * piety under Beogh
  6909 | D:8      | Found a flagged portal.
  6921 | Bailey   | Entered a bailey
  7032 | Bailey   | Got a pitted executioner's axe
  7042 | Bailey   | Identified the +6 executioner's axe of Xaezotai {chop, rC+ Stlth+} (You found it in a bailey)
  7095 | Bailey   | HP: 1/79 [orc/halberd (3)]
  7095 | Bailey   | Slain by an orc warrior

Skill      XL: |  1  2  3  4  5  6  7  8  9 |
---------------+----------------------------+-----
Axes           | 3 4 6 7 8 11 | 11.8
Fighting       | 4 5 6 7 |  7.6
Armour         | 4 6 7 |  7.1
Shields        | 4 5 6 7 |  7.0
Dodging        | |  0.8
Stealth        | |  0.3

Action                   |  1- 3 |  4- 6 |  7- 9 || total
-------------------------+-------+-------+-------++-------
Melee: War axe           |   101 |   107 |   351 ||   559
       Executioner's axe |       |       |     7 ||     7
Invok: Convert to Beogh  |       |       |     1 ||     1
  Use: Scroll            |       |     1 |    10 ||    11
       Potion            |       |       |     8 ||     8
  Eat: Chunk             |     1 |     5 |    13 ||    19
Armor: Scale mail        |    41 |       |       ||    41
       Plate armour      |     8 |    41 |   247 ||   296
Dodge: Dodged            |    28 |    14 |   112 ||   154
Block: Shield            |    64 |    50 |   260 ||   374
